 Dungeon Crawl Stone Soup version 0.30.0-29-ga12c61a403 (webtiles) character file.

Game seed: 13414285465197224680

65 qw the Chopper (level 4, -2/28 HPs)
             Began as a Gargoyle Fighter on June 4, 2023.
             Slain by an ogre
             ... wielding a +0 giant spiked club
              (30 damage)
             ... on level 3 of the Dungeon.
             The game lasted 00:00:40 (1647 turns).

qw the Chopper (Gargoyle Fighter)                   Turns: 1647, Time: 00:00:40

Health: -2/28      AC: 10    Str: 22    XL:     4   Next: 13%
Magic:  4/4        EV:  9    Int:  8    God:
Gold:   93         SH:  4    Dex:  9    Spells: 3/3 levels left

rFire   . . .        Y - +0 war axe
rCold   . . .        c - +0 buckler
rNeg    + . .        b - +0 scale mail
rPois   inf          (no helmet)
rElec   +            (no cloak)
rCorr   .            (no gloves)
SInv    .            (no boots)
Will    .....        (no amulet) Stlth
                     (no ring)
HPRegen 0.24/turn    (no ring)
MPRegen 0.09/turn

%: no passive effects
@: no status effects
A: sickness immunity, AC +3, negative energy resistance 1, electricity
resistance, torment resistance 1, petrification resistance
a: no special abilities


You were on level 3 of the Dungeon.
You visited 1 branch of the dungeon, and saw 3 of its levels.

You collected 93 gold pieces.


Innate Abilities, Weirdness & Mutations

You are immune to sickness and miasma.
Your stone body is resilient. (AC +3)
You are immune to poison.
You resist negative energy. (rN+)
You are resistant to electric shocks. (rElec)
You are resistant to unholy torment.
You are immune to petrification.


   Skills:
 - Level 3.2 Fighting
 + Level 3.9 Axes
 - Level 3.2 Armour
 - Level 3.2 Shields


You had 3 spell levels left.
You didn't know any spells.
Your spell library was empty.

Inventory:

Hand Weapons
 g - a +0 club
 Y - a +0 war axe (weapon)
Armour
 b - a +0 scale mail (worn)
 c - a +0 buckler (worn)
Scrolls
 i - a scroll of identify
Potions
 d - 2 potions of might
 e - a potion of flight {unknown}
 h - a potion of lignification {unknown}
 j - a potion of heal wounds {unknown}
 k - a potion of berserk rage {unknown}

Dungeon Overview and Level Annotations

Branches:
Dungeon (3/15)

Altars:


Message History

Enter note: Done exploring.
1585 ||| READING scroll labelled UMAJIOFIPP.
As you read the scroll labelled UMAJIOFIPP, it crumbles to dust.
You feel momentarily disoriented.
It was a scroll of magic mapping.
Done exploring.
(D) Dungeon
Where to? (* - list waypoints, Enter - D:2, ? - help)
What level of the Dungeon? (default 1, ? - help)
There is a stone staircase leading down here.
You climb downwards.
The ball python hisses angrily.
Found a stone staircase leading down.
There is a stone staircase leading up here.
A ball python is nearby!
Waypoint 2 assigned to D:3.
You closely miss the ball python.
The ball python bites you but does no damage.
The ball python grabs you. The ball python constricts you.
The ball python bites you. The ball python constricts you.
You slash the ball python!
You kill the ball python!
Found a robe.
Found an escape hatch in the floor.
There is a stone staircase leading down here.
An orc comes into view. It is wielding a +0 club.
The orc shouts!
An ogre comes into view. It is wielding a +0 giant spiked club.
1640 ||| Stepping ~*~*~tactically~*~*~ (stealth).
The ogre shouts!
You barely miss the orc. The orc hits you but does no damage.
You slash the orc!
You kill the orc!
The ogre misses you.
You slash the ogre!
The ogre is moderately wounded.
The ogre hits you with a +0 giant spiked club!!
Ouch! That really hurt!
You die...

####[##.#
....##.# #
#..##.#####
#.#..##.....#
#.#......##.#
#.##.#....#.#
#.###..#.#..#...#
.............>###
#####.<%...#@#
#....###O#
#.......>.
....#....###
..##.#.##.# ###
#...##.# ####...#
...


You could see an ogre.

Vanquished Creatures
  Jessica (D:2)
  An orc (D:3)
  3 ball pythons
  4 endoplasms
  A giant cockroach (D:1)
  4 goblins
  4 hobgoblins
  3 jackals (D:1)
  3 kobolds
  3 quokkas
  A bat (D:1)
  A frilled lizard (D:2)
  3 rats (D:2)
32 creatures vanquished.

Notes
Turn   | Place    | Note
-------+----------+-------------------------------------------
     0 | D:1      | qw the Gargoyle Fighter began the quest for the Orb.
     0 | D:1      | Reached XP level 1. HP: 14/14 MP: 1/1
     0 | D:1      | 0 ||| qw: Version: 0.2-a-107-g4668610
     0 | D:1      | 0 ||| qw: Game counter: 1267
     0 | D:1      | 0 ||| qw: Always use a shield: true
     0 | D:1      | 0 ||| qw: God list: Okawaru
     0 | D:1      | 0 ||| qw: Allow faded altars: false
     0 | D:1      | 0 ||| qw: Do Orc after D:15 true
     0 | D:1      | 0 ||| qw: Do second Lair branch before Depths: true
     0 | D:1      | 0 ||| qw: Lair rune preference: random
     0 | D:1      | 0 ||| qw: Plans: Normal, Zot:1-4, Slime:5, God:TSO, Crypt,
                  | Tomb, Abyss, Pan, Hells, Win
     0 | D:1      | 0 ||| PLANNING D:1-11
   189 | D:1      | Reached XP level 2. HP: 14/19 MP: 2/2
   618 | D:1      | Reached skill level 3 in Axes
   898 | D:1      | 898 ||| DROPPING orb of energy.
   899 | D:1      | 899 ||| READING scroll labelled ESSIWOGI SIOR.
   900 | D:1      | 900 ||| READING 2 scrolls labelled IHALITE VUECHU.
   901 | D:1      | 901 ||| READING scroll labelled GACKAHY REDDUX.
   902 | D:1      | 902 ||| READING scroll labelled KEJAGR OB YWAE.
   903 | D:1      | 903 ||| DROPPING scroll of fog.
   965 | D:2      | Reached XP level 3. HP: 23/23 MP: 3/3
  1039 | D:2      | 1039 ||| Stepping ~*~*~tactically~*~*~ (stealth).
  1043 | D:2      | 1043 ||| Stepping ~*~*~tactically~*~*~ (stealth).
  1054 | D:2      | 1054 ||| Stepping ~*~*~tactically~*~*~ (stealth).
  1088 | D:2      | Noticed Jessica
  1089 | D:2      | 1089 ||| Stepping ~*~*~tactically~*~*~ (hiding).
  1090 | D:2      | 1090 ||| Stepping ~*~*~tactically~*~*~ (hiding).
  1096 | D:2      | Killed Jessica
  1156 | D:2      | Reached XP level 4. HP: 28/28 MP: 4/4
  1580 | D:2      | 1580 ||| READING scroll labelled USUTIA MAOMEH.
  1585 | D:2      | 1585 ||| READING scroll labelled UMAJIOFIPP.
  1639 | D:3      | Noticed an ogre
  1640 | D:3      | 1640 ||| Stepping ~*~*~tactically~*~*~ (stealth).
  1647 | D:3      | Slain by an ogre

Levels and vault maps discovered:
D:1:      roderic_chinese_lattice_arrival, layout_loops_corners, st_stairs_14
D:2:      layout_loops_ring, uniq_jessica
D:3:      layout_basic, mainiacjoe_overflow_paths, elyvilon_altar_4,
          serial_shops, shop, uniq_robin, uniq_grinder

Skill      XL: |  1  2 |
---------------+-------+-----
Axes           | 2 3 |  3.9
Fighting       | |  3.2
Armour         | |  3.2
Shields        | |  3.2

Action                     |  1- 3 |  4- 6 || total
---------------------------+-------+-------++-------
  Melee: War axe           |    67 |    23 ||    90
    Use: Scroll            |     4 |     2 ||     6
 Armour: Scale mail        |    27 |     8 ||    35
  Dodge: Dodged            |    28 |     8 ||    36
  Block: Buckler           |    12 |     4 ||    16

Table legend:
 A = Non-vault XP
 B = Vault XP
 C = Vault XP percentage of total XP
 D = Non-vault monster count
 E = Vault monster count
 F = Vault count percentage of total count
                 A         B        C        D         E       F
            +---------+---------+-------+---------+---------+-------
      Total |      54 |      39 |  41.9 |      30 |       2 |   6.2
            +---------+---------+-------+---------+---------+-------
        D:1 |      31 |       2 |   6.1 |      16 |       1 |   5.9
        D:2 |      19 |      37 |  66.1 |      12 |       1 |   7.7
        D:3 |       4 |       0 |   0.0 |       2 |       0 |   0.0
            +---------+---------+-------+---------+---------+-------
